 Dungeon Crawl Stone Soup version 0.30-a0-719-gcc4359ea44 (webtiles) character file.

Game seed: 15246359242847868345

633 PimpSugar the Magician (level 7, -3/56 HPs)
             Began as a Yellow Draconian Hedge Wizard on Jan 26, 2023.
             Was an Initiate of Vehumet.
             Killed by divine providence
             ... invoked by an orc priest
              (14 damage)
             ... on level 5 of the Dungeon.
             The game lasted 00:17:47 (5832 turns).

PimpSugar the Magician (DrHW)                       Turns: 5832, Time: 00:17:47

Health: -3/56      AC:  7    Str: 12    XL:     7   Next: 24%
Magic:  13/14      EV: 12    Int: 17    God:    Vehumet [......]
Gold:   191        SH:  0    Dex: 10    Spells: 10/15 levels left

rFire   . . .      SeeInvis .    x - staff of death
rCold   . . .      Faith    .    (no shield)
rNeg    + . .      Spirit   .    (body armour unavailable)
rPois   .          Reflect  .    b - +0 hat
rElec   .          Harm     .    (no cloak)
rCorr   +          Rampage  .    (no gloves)
Will    .....                    o - +0 pair of boots
Stlth   ++                       (no amulet)
HPRegen 0.29/turn                (no ring)
MPRegen 0.14/turn                (no ring)

@: mighty
A: spit acid, AC +6, unfitting armour, cold-blooded, acid resistance
a: Breathe Acid, Renounce Religion


You were on level 5 of the Dungeon.
You worshipped Vehumet.
Vehumet was noncommittal.
You visited 2 branches of the dungeon, and saw 6 of its levels.

You collected 243 gold pieces.
You spent 52 gold pieces at shops.

Inventory:

Hand Weapons
 a - a +0 dagger
 e - a +0 sling
 r - a +0 rapier
 u - a +0 sling of flaming
 v - a +2 battleaxe of freezing
Missiles
 d - 58 stones
 f - 2 boomerangs
Armour
 b - a +0 hat (worn)
 o - a +0 pair of boots (worn)
Magical Staves
 x - a staff of death (weapon)
Jewellery
 n - the amulet of Elemental Vulnerability {rPois rF-- rC-- AC+8}
   (You found it on level 3 of the Dungeon)

   [amulet of nothing]

   AC:        It affects your AC (+8).
   rF:        It makes you very vulnerable to fire.
   rC:        It makes you very vulnerable to cold.
   rPois:     It protects you from poison.
Scrolls
 i - 2 scrolls of vulnerability
 m - a scroll of blinking
 p - 2 scrolls of poison
 q - 4 scrolls of teleportation
 w - a scroll of fear {unknown}
 y - 3 scrolls of fog {unknown}
 z - a scroll of enchant weapon {unknown}
Potions
 c - a potion of magic
 h - a potion of ambrosia {unknown}
 j - a potion of flight
 k - a potion of cancellation {unknown}
 l - a potion of invisibility {unknown}
 s - 2 potions of attraction {unknown}
 t - a potion of curing {unknown}


   Skills:
 + Level 2.4 Fighting
 + Level 1.0 Staves
 - Level 0.9 Ranged Weapons
 - Level 1.8 Dodging
 - Level 1.8 Stealth
 * Level 4.9 Spellcasting
 * Level 3.8 Conjurations
 + Level 2.5 Summonings
 + Level 1.0 Necromancy
 + Level 2.6 Translocations
 + Level 1.1 Evocations


You had 10 spell levels left.
You knew the following spells:

 Your Spells              Type           Power      Damage    Failure   Level
a - Magic Dart            Conj           68%        1d6       3%          1
b - Call Imp              Summ           12%        N/A       8%          2
e - Blink                 Tloc           26%        N/A       8%          2

Your spell library contained the following spells:

 Spells                   Type           Power      Damage    Failure   Level
 Slow                     Hex            16%        N/A       14%         1
 Cigotuvi's Dreadful Rot  Necr/Pois/Air  16%        N/A       19%         2
 Mephitic Cloud           Conj/Pois/Air  8%         N/A       26%         3
 Manifold Assault         Tloc           13%        N/A       43%         4
 Dispersal                Tloc           6%         N/A       100%        6
 Disjunction              Tloc           6%         N/A       100%        8


Dungeon Overview and Level Annotations

Branches:
Dungeon (5/15)             Temple (1/1) D:4

Altars:
Ashenzari
Cheibriados
Dithmenos
Elyvilon
Fedhas
Gozag
Hepliaklqana
Kikubaaqudgha
Makhleb
Okawaru
Qazlal
Ru
Sif Muna
Trog
Uskayaw
Vehumet
The Shining One

Shops:
D:2 ([

Annotations:
D:5 2 transporters, demibob's ghost, novice NaBe


Innate Abilities, Weirdness & Mutations

You can spit globs of acid.
Your golden yellow scales are hard. (AC +6)
You cannot fit into any form of body armour.
You are cold-blooded and may be slowed by cold attacks.
You are resistant to acid. (rCorr)


Message History

Your crimson imp misses the orc.
The orc barely misses your crimson imp.
Your crimson imp barely misses the orc.
The orc hits your crimson imp with a +0 falchion.
Your crimson imp hits the orc.
The orc misses your crimson imp.
Your crimson imp blinks!
The orc priest calls upon Beogh to heal the orc.
The orc's wounds heal themselves!
Casting: Call Imp (safe; 8% risk of failure)
Confirm with . or Enter, or press ? or * to list all spells.
Aiming: Magic Dart (safe; 3% risk of failure)
Press: ? - help, Shift-Dir - straight line, f - orc
Aim: an orc, wielding a +0 falchion and wearing a +0 leather armour (ally target, 100% to hit)
The magic dart hits the orc.
The orc is heavily wounded.
The orc priest hits your crimson imp with a +0 dagger.
You feel very mighty all of a sudden. The orc hits you but does no damage.
The orc priest looks encouraged for a moment.
Your crimson imp closely misses the orc.
You barely miss the orc.
The orc is heavily wounded.
The orc barely misses you.
The orc wizard completely misses your crimson imp.
Your crimson imp closely misses the orc.
You barely miss the orc.
Your tail-slap misses the orc.
The orc is heavily wounded.
You have got your breath back.
The orc barely misses you.
The orc wizard closely misses your crimson imp.
The orc priest hits your crimson imp with a +0 dagger.
Your crimson imp hits the orc priest but does no damage.
You hit the orc.
The orc is almost dead.
The orc hits you with a +0 falchion.
* * * LOW HITPOINT WARNING * * *
The orc wizard hits your crimson imp but does no damage.
The orc priest mumbles some strange prayers to Beogh against you.
Beogh smites you!
You die...

######### ....o..)#
#.#####.#
#.####o########
#............#
##.....oo###.#
####### #.###.##5#
#.# #.....# #.
#.##o###.####.###.###
#. #.#.@.........#
#.... #
#.##.###......###[###
#.#### #.####.....#
..# #.# ##.....###
#.# #......... #.#
#......### #.#
#......# ###.#
#.##.### #...#
#.#...###


You could see an orc priest, an orc wizard (ally target), an orc and a friendly
crimson imp (summoned).

Vanquished Creatures
  Sigmund (D:5)
  Blork the orc (D:5)
  An orc priest (D:5)
  3 iguanas (D:4)
  5 adders
  A white imp (D:5)
  An adder skeleton (D:2)
  8 orcs
  9 ball pythons
  A bat skeleton (D:2)
  7 endoplasms
  6 giant cockroaches
  9 goblins
  8 hobgoblins
  A jackal (D:2)
  7 kobolds
  3 quokkas
  7 bats
  5 frilled lizards
  A quokka skeleton (D:2)
  A quokka zombie (D:2)
  7 rats
93 creatures vanquished.

Vanquished Creatures (collateral kills)
  A scorpion (D:4)
  A hound (D:5)
  An iguana (D:3)
  A worm (D:4)
  An adder skeleton (D:2)
  2 orcs
  A bat zombie (D:2)
  2 goblins
  2 jackals (D:2)
  2 ball pythons (D:2)
  A ball python zombie (D:2)
  3 rats (D:2)
18 creatures vanquished.

Vanquished Creatures (others)
  A withered plant (D:2)
1 creature vanquished.

Grand Total: 112 creatures vanquished

Notes
Turn   | Place    | Note
-------+----------+-------------------------------------------
     0 | D:1      | PimpSugar the Draconian Hedge Wizard began the quest for
                  | the Orb.
     0 | D:1      | Reached XP level 1. HP: 14/14 MP: 4/4
   226 | D:1      | Reached XP level 2. HP: 19/20 MP: 0/6
   346 | D:1      | Learned a level 2 spell: Call Imp
   895 | D:1      | Learned a level 2 spell: Blink
  1143 | D:1      | Reached XP level 3. HP: 26/26 MP: 4/8
  1290 | D:2      | Found Bomuir's Armour Boutique.
  1489 | D:2      | Found Muucugrymi's Antique Weapon Emporium.
  1701 | D:2      | Reached XP level 4. HP: 34/34 MP: 1/9
  2188 | D:2      | Reached skill level 1 in Fighting
  2418 | D:2      | Found Pamynuv's Weapon Shop.
  2425 | D:2      | Bought a +0 sling of flaming for 47 gold pieces
  2425 | D:2      | Bought 5 stones for 5 gold pieces
  2875 | D:3      | Found the amulet of Elemental Vulnerability {rPois rF--
                  | rC-- AC+8}
  2920 | D:3      | Reached skill level 4 in Spellcasting
  2933 | D:3      | Found a glowing golden altar of the Shining One.
  3242 | D:3      | Reached XP level 5. HP: 31/40 MP: 3/11
  3855 | D:4      | Found a bloodstained altar of Trog.
  3945 | D:4      | Found an iron altar of Okawaru.
  4231 | D:4      | Reached XP level 6. HP: 26/48 MP: 5/12
  4522 | D:4      | Found a staircase to the Ecumenical Temple.
  4532 | Temple   | Entered the Ecumenical Temple
  4546 | Temple   | Became a worshipper of Vehumet
  5083 | D:5      | Entered Level 5 of the Dungeon
  5120 | D:5      | Noticed Sigmund
  5184 | D:5      | Killed Sigmund
  5185 | D:5      | Your scales start taking on a golden yellow colour.
  5185 | D:5      | Reached XP level 7. HP: 4/55 MP: 1/14
  5185 | D:5      | Gained mutation: You are resistant to acid. (rCorr) [Yellow
                  | Draconian growth]
  5371 | D:5      | Noticed Blork the orc
  5380 | D:5      | Killed Blork the orc
  5381 | D:5      | Reached skill level 1 in Evocations
  5446 | D:5      | Found a broken altar of Ashenzari.
  5450 | D:5      | Found a sacrificial altar of Ru.
  5450 | D:5      | Found a hazy altar of Hepliaklqana.
  5450 | D:5      | Found a shimmering blue altar of Sif Muna.
  5460 | D:5      | Found an ancient bone altar of Kikubaaqudgha.
  5460 | D:5      | Found a snail-covered altar of Cheibriados.
  5545 | D:5      | Found a transporter.
  5545 | D:5      | Noticed demibob's ghost (novice NaBe)
  5546 | D:5      | Found a transporter.
  5621 | D:5      | Reached skill level 1 in Necromancy
  5630 | D:5      | Reached skill level 1 in Staves
  5832 | D:5      | Killed from afar by an orc priest

Illustrated notes

Levels and vault maps discovered:
D:1:      dpeg_arrival_snail, layout_basic, minmay_split_cup_small
D:2:      layout_basic, serial_undead, serial_undead_b, serial_undead_c,
          serial_undead_b, serial_undead_b, serial_undead_d, serial_undead_d,
          serial_shops, shop, shop, nicolae_shop_bloodbath_and_beyond,
          corexii_item_surrounded_by_moat, minmay_circled_x
D:3:      layout_loops_ring, mainiacjoe_overflow_six_doors_small
D:4:      layout_loops_ring, okawaru_trees_1, amcnicky_altar_gilded,
          minmay_temple_entry_drinking_statues
D:5:      layout_loops_ring, minmay_overflow_temple_hex, gammafunk_ghost_smash,
          water_boxes_lemuel, uniq_crazy_yiuf_cottage, uniq_sigmund,
          uniq_blork_the_orc
Temple:   nicolae_temple_godpark

Skill      XL: |  1  2  3  4  5  6  7 |
---------------+----------------------+-----
Conjurations   | 2 3 |  3.8
Fighting       | 1 2 |  2.4
Spellcasting   | 4 |  4.9
Summonings     | 2 |  2.5
Translocations | 2 |  2.6
Evocations     | 1 |  1.1
Necromancy     | 1 |  1.0
Staves         | 1 |  1.0
Ranged Weapons | |  0.9
Dodging        | |  1.8
Stealth        | |  1.8

Action                     |  1- 3 |  4- 6 |  7- 9 || total
---------------------------+-------+-------+-------++-------
  Melee: Staff             |       |    31 |    11 ||    42
         Tailslap          |       |     7 |       ||     7
   Fire: Sling             |    77 |   103 |       ||   180
   Cast: Magic Dart        |    49 |    78 |    21 ||   148
         Call Imp          |     6 |    15 |     2 ||    23
Ability: Breathe Acid      |       |       |     3 ||     3
    Use: Scroll            |     1 |    10 |     1 ||    12
         Potion            |       |     4 |     1 ||     5
   Stab: Distracted        |       |       |     1 ||     1
 Armour: Skin              |    31 |    45 |     3 ||    79
  Dodge: Dodged            |    48 |    89 |    10 ||   147

Table legend: (Time is in decaauts)
 A = Elapsed time spent in this place.
 B = Non-inter-level travel time spent in this place.
 C = Inter-level travel time spent in this place.
 D = Time resting spent in this place.
 E = Time spent auto-exploring this place.
 F = Levels seen in this place.
 G = Mean time per level.
                   A        B        C        D        E       F      G
               +--------+--------+--------+--------+--------+-----+--------+
         Total |   5915 |   5660 |    255 |    478 |   3801 |   6 |  985.8 |
       Dungeon |   5799 |   5553 |    246 |    478 |   3715 |   5 | 1159.8 |
        Temple |    116 |    107 |      9 |      0 |     86 |   1 |  116.0 |
               +--------+--------+--------+--------+--------+-----+--------+

Top non-repeatable levels by time:
     D:2: 1541 daAuts
     D:1: 1305 daAuts
     D:4: 1212 daAuts
     D:3: 989 daAuts
     D:5: 751 daAuts
  Temple: 116 daAuts
